 Dungeon Crawl Stone Soup version 0.31-a0-1626-g5cb510d322 (webtiles) character file.

Game seed: 10293830103616370620

183140 Amplified the Warrior (level 17, -2/149 HPs)
             Began as a Minotaur Alchemist on Jan 12, 2024.
             Was a High Priest of Hepliaklqana.
             Slain by a spark wasp (4 damage)
             ... on level 4 of the Spider Nest.
             The game lasted 01:17:50 (32009 turns).

Amplified the Warrior (Minotaur Alchemist)         Turns: 32009, Time: 01:17:50

Health: -2/149     AC: 26    Str: 25    XL:     17   Next: 73%
Magic:  17/27      EV: 13    Int: 12    God:    Hepliaklqana [*****.]
Gold:   1621       SH:  5    Dex: 13    Spells: 16/20 levels left

rFire   + + .        K - +7 broad axe (venom)
rCold   . . .        (no shield)
rNeg    . . .        O - +4 chain mail {rF+}
rPois   +            t - +2 hat {SInv}
rElec   +            e - +0 cloak
rCorr   .            c - +0 pair of gloves
SInv    +            h - +1 pair of boots
Will    +....        F - amulet of reflection Stlth
                     N - ring of Levaxuff {rElec rF+ Str+6}
HPRegen 0.44/turn    G - ring of poison resistance
MPRegen 0.20/turn

%: reflection
@: no status effects
A: reduced essence, horns 2, retaliatory headbutt
a: Renounce Religion, Recall Ancestor, Ancestor Identity, Transference, Idealise


You were on level 4 of the Spider Nest.
You worshipped Hepliaklqana.
Hepliaklqana was extremely pleased with you.
You visited 4 branches of the dungeon, and saw 26 of its levels.
You also visited: Ossuary and Volcano.

You collected 3012 gold pieces.
You spent 1391 gold pieces at shops.

Inventory:

Hand Weapons
 k - a +0 demon whip of venom
 K - a +7 broad axe of venom (weapon)
 Q - the +8 quarterstaff "Syups" {flame, rC++ rCorr Dex+3}
   (You found it on level 2 of the Spider Nest)

   Dex+3:     It affects your dexterity (+3).
   rC++:      It greatly protects you from cold.
   rCorr:     It protects you from acid and corrosion.
Missiles
 n - 6 atropa-tipped darts
 A - 8 curare-tipped darts (quivered)
 H - a throwing net
 J - 6 poisoned darts
Armour
 c - a +0 pair of gloves (worn)
 e - a +0 cloak (worn)
 h - a +1 pair of boots (worn)
 t - a +2 hat of see invisible (worn)
 O - a +4 chain mail of fire resistance (worn)
Jewellery
 f - a ring of resist corrosion
 i - a ring of protection from cold
 j - a ring of flight
 m - the ring "Uleguhod" {Will+ Int+4}
   (You found it on level 5 of the Lair of Beasts)

   [ring of willpower]

   Int+4:     It affects your intelligence (+4).
   Will+:     It increases your willpower.
 o - a ring of see invisible
 q - a ring of protection from fire
 F - an amulet of reflection (around neck)
 G - a ring of poison resistance (right hand)
 N - the ring of Levaxuff (left hand) {rElec rF+ Str+6}
   (You bought it in a shop on level 2 of the Orcish Mines)

   [ring of strength]

   Str+6:     It affects your strength (+6).
   rF+:       It protects you from fire.
   rElec:     It insulates you from electricity.
 P - a +4 ring of slaying
Wands
 r - a wand of iceblast (4)
 v - a wand of flame (14)
 z - a wand of mindburst (5)
 D - a wand of paralysis (16)
 L - a wand of digging (9)
 T - a wand of polymorph (4)
Scrolls
 a - a scroll of torment
 d - 6 scrolls of amnesia
 g - a scroll of blinking
 s - 4 scrolls of immolation
 w - 6 scrolls of poison
 x - 10 scrolls of identify
 y - 3 scrolls of enchant armour
 M - 2 scrolls of butterflies
 R - 4 scrolls of teleportation
 W - a scroll of fog
 X - a scroll of brand weapon
 Z - a scroll of silence
Potions
 b - a potion of magic
 l - 4 potions of enlightenment
 p - a potion of mutation
 u - 2 potions of cancellation
 B - 5 potions of ambrosia
 C - a potion of brilliance
 V - 2 potions of lignification
Miscellaneous
 E - a phantom mirror
 I - a tin of tremorstones (1/2)


   Skills:
 * Level 18.7 Fighting
 - Level 18.4(19.3) Axes
 - Level 10.4(15.6) Maces & Flails
 - Level 16.6 Armour
 - Level 9.6 Dodging
 - Level 1.5 Stealth
 * Level 2.3 Spellcasting
 - Level 0.6 Conjurations
 * Level 1.7 Translocations
 - Level 2.1 Alchemy
 * Level 14.7 Invocations


You had 16 spell levels left.
You knew the following spells:

 Your Spells              Type           Power      Damage    Failure   Level
a - Lesser Beckoning      Tloc           10%        N/A       52%         2
b - Mercury Vapours       Alch/Air       8%         N/A       61%         2

Your spell library contained the following spells:

 Spells                   Type           Power      Damage    Failure   Level
 Apportation              Tloc           10%        N/A       38%         1
 Sting                    Conj/Alch      16%        1d4       43%         1
 Blink                    Tloc           10%        N/A       52%         2
 Momentum Strike          Conj/Tloc      8%         3d8       58%         2
 Necrotise                Necr           4%         1d4       63%         1
 Slow                     Hex            4%         N/A       63%         1
 Summon Small Mammal      Summ           4%         N/A       63%         1
 Sublimation of Blood     Necr           1%         N/A       77%         2
 Mephitic Cloud           Conj/Alch/Air  3%         N/A       86%         3
 Dazzling Flash           Conj/Hex       4%         N/A       91%         3
 Call Canine Familiar     Summ           1%         N/A       94%         3
 Frozen Ramparts          Ice            2%         1d1       94%         3
 Inner Flame              Hex/Fire       1%         N/A       94%         3
 Sigil of Binding         Hex            1%         N/A       94%         3
 Summon Ice Beast         Ice/Summ       1%         N/A       94%         3
 Olgreb's Toxic Radiance  Alch           6%         N/A       97%         4
 Dimensional Bullseye     Hex/Tloc       1%         N/A       99%         4
 Leda's Liquefaction      Alch/Erth      2%         N/A       99%         4
 Petrify                  Alch/Erth      4%         N/A       99%         4
 Sticky Flame             Fire/Alch      4%         2d4       99%         4
 Animate Armour           Summ/Erth      2%         N/A       100%        4
 Animate Dead             Necr           1%         N/A       100%        4
 Cause Fear               Hex            0%         N/A       100%        4
 Flame Wave               Conj/Fire      2%         2d4       100%        4
 Curse of Agony           Necr           1%         N/A       100%        5
 Fireball                 Conj/Fire      1%         3d3       100%        5
 Irradiate                Conj/Alch      2%         3d12      100%        5
 Metabolic Englaciation   Hex/Ice        0%         N/A       100%        5
 Silence                  Hex/Air        0%         N/A       100%        5
 Summon Mana Viper        Hex/Summ       1%         N/A       100%        5
 Haunt                    Necr/Summ      0%         N/A       100%        7
 Monstrous Menagerie      Summ           0%         N/A       100%        7
 Spellforged Servitor     Conj/Summ      1%         N/A       100%        7
 Infestation              Necr           0%         N/A       100%        8
 Dragon's Call            Summ           0%         N/A       100%        9


Dungeon Overview and Level Annotations

Branches:
Dungeon (15/15)            Temple (0/1) D:7            Lair (5/5) D:8
  Swamp (0/4) Lair:2       Spider (4/4) Lair:2        Slime (0/5) Lair:5
    Orc (2/2) D:10            Elf (0/3) Orc:2        Vaults (0/5) D:13
 Depths (0/4) D:15        Ossuary (visited)         Volcano (visited)

Altars:
Cheibriados
Dithmenos
Gozag
Hepliaklqana
Makhleb
Ru
Sif Muna
Uskayaw
Xom
Zin

Shops:
D:13 =   Orc:2 (=((

Portals:
Trove: D:10 (give +3 shadow dragon scales)

Annotations:
D:15 Roxanne


Innate Abilities, Weirdness & Mutations

Your life essence is reduced to manifest your ancestor. (-10% HP)
You have a pair of horns on your head.
You reflexively headbutt those who attack you in melee.


Message History

* * * LOW HITPOINT WARNING * * *
The spark wasp shocks you. You resist.
* * * LOW HITPOINT WARNING * * *
You see here a redback corpse.
Unknown command.
You slash the spark wasp! You headbutt the spark wasp.
The spark wasp is moderately wounded.
The spark wasp stings you.
* * * LOW HITPOINT WARNING * * *
The spark wasp shocks you. You resist.
* * * LOW HITPOINT WARNING * * *
Unknown command.
Okay, then.
Okay, then.
Blink to where?
Press: ? - help, Dir - move target
As you read the scroll of blinking, it crumbles to dust.
Aiming: Paralyse
Press: ? - help, Shift-Dir - straight line, f - spark wasp
Aim: a spark wasp (translocational energy, moderately wounded, chance to affect: 31%)
The spark wasp easily resists.
The spark wasp bursts into living lightning!
The living lightning hits you. You resist.
* * * LOW HITPOINT WARNING * * *
The spark wasp blinks! x2
The spark wasp stings you but does no damage.
Arsinoe has departed this plane of existence.
Unknown command.
Okay, then.
You slice the spark wasp!!
The spark wasp is severely wounded.
The spark wasp stings you but does no damage.
Unknown command.
Unknown command.
You barely miss the spark wasp.
The spark wasp is severely wounded.
The spark wasp stings you!
* * * LOW HITPOINT WARNING * * *
The spark wasp shocks you. You resist.
You die...

..........†.†......†........##,,,
...........†....^.^..........#,,,
.....^.................(.....##,,
.<.........~^^.~.~..^^^.......#*,
...........^###########.^~...^.##
...........~.~...^.^^^^..########
...........^..........^..^^..~.^^
.............^..^.....^.........^
.......^........@y.....§....s....
...........~^...~.~~....†..†..†..
...........^#######..~.^^.....†.^
.............~^^..#####.^~^..^..#
...^..........^..~..~....########
.....^^..................^..^^~.#
.^,.....^.~~...^...............##
.,^.......#####^^^...........^##,
.,,.......#########....^.....##,,


You could see a spark wasp.

Vanquished Creatures
  Gastronok (Lair:1)
  2 emperor scorpions
  2 ghost moths
  An orc warlord (Orc:2)
  The ghost of Ivernyr the Blocker, a journeyman FoFi of Wu Jian (Lair:5)
  A broodmother (Spider:2)
  An ettin (Orc:1)
  3 spark wasps
  Josephine (Orc:1)
  3 entropy weavers
  An ice dragon (Lair:5)
  4 hydras
  A vault guard (D:13)
  A jorogumo (Spider:3)
  4 centaur warriors
  2 catoblepae
  5 radroaches
  7 boulder beetles
  Erica (Lair:1)
  A death knight (D:13)
  10 two-headed ogres
  A death scarab (Spider:3)
  Urug (D:11)
  A death yak (Lair:3)
  7 demonic crawlers
  3 orc high priests (Orc:2)
  Sonja (D:12)
  Amaemon (D:8)
  3 pharaoh ants
  2 skeletal warriors (Volcano)
  The ghost of temujin the Basher, a novice HuWn (D:7)
  6 orb spiders
  An arcanist (D:13)
  3 sun moths
  A glowing orange brain (D:15)
  An anaconda skeleton (Volcano)
  6 orc knights (Orc:2)
  10 steelbarb worms
  Pikel (D:4)
  A lindwurm (Lair:5)
  A deep elf pyromancer (D:12)
  9 wolf spiders
  12 ugly things
  2 manticores (D:13)
  An alligator skeleton (Volcano)
  8 orc sorcerers
  4 cyclopes
  An elephant (Lair:4)
  A meliai (shapeshifter) (D:15)
  A meliai (Spider:4)
  3 kobold blastminers (Orc:2)
  An ice statue (Lair:5)
  4 moths of wrath
  6 black mambas
  3 gargoyles
  12 torpor snails
  An orange demon (D:7)
  An eye of devastation (shapeshifter) (D:15)
  2 kobold demonologists
  Jeremiah (Lair:1)
  3 cane toads
  2 unseen horrors
  2 rime drakes
  8 komodo dragons
  An unseen horror skeleton (D:7)
  An ice devil (Lair:5)
  A tengu conjurer (D:15)
  Psyche (D:8)
  A queen bee (Lair:2)
  8 trolls
  5 polar bears (Lair:5)
  8 hornets
  3 tyrant leeches (Lair:5)
  Prince Ribbit (D:6)
  15 blink frogs
  A harpy skeleton (Volcano)
  18 tarantellas
  11 dream sheep
  A centaur simulacrum (D:14)
  24 jumping spiders
  12 slime creatures
  A water elemental (D:15)
  14 culicivoras
  A shadow (D:10)
  9 wraiths
  22 yaks
  3 basilisks
  3 hogs (Lair:4)
  41 redbacks
  12 vampire mosquitoes
  6 wyverns
  6 wargs (Orc:2)
  An acid dragon (D:12)
  16 water moccasins
  A black bear (Lair:1)
  5 ice beasts
  3 laughing skulls
  39 orc warriors
  9 wolves
  A sky beast (D:6)
  13 ogres
  3 boggarts
  10 centaurs
  A weeping skull (Ossuary)
  2 lemures (D:4)
  A phantom (D:5)
  6 kobold brigands
  13 bullfrogs
  3 scorpions
  A burial acolyte (Ossuary)
  12 wights
  22 killer bees
  A spriggan skeleton (Volcano)
  2 howler monkeys
  3 bombardier beetles
  10 electric eels
  2 jellies
  2 human zombies (Ossuary)
  A centaur zombie (Ossuary)
  5 hounds
  22 orc priests
  A gnoll bouda (D:7)
  4 iguanas
  Ijyb (D:4)
  17 orc wizards
  A hound zombie (Ossuary)
  A naga skeleton (Volcano)
  3 mummies
  Robin (D:2)
  11 gnolls
  8 adders
  A shadow imp (D:5)
  5 white imps
  An adder zombie (Ossuary)
  4 dart slugs
  3 ribbon worms
  67 orcs
  7 ball pythons
  4 bats
  6 endoplasms
  3 giant cockroaches
  14 hobgoblins
  3 jackals (D:4)
  34 kobolds
  4 quokkas
  2 frilled lizards (D:1)
  26 goblins
  An orc zombie (D:7)
  6 rats
872 creatures vanquished.

Vanquished Creatures (collateral kills)
  Kirke (Lair:4)
  An emperor scorpion (Spider:3)
  An eleionoma (Lair:2)
  An entropy weaver (Spider:1)
  An ogre mage (D:15)
  A dancing weapon (Lair:5)
  A demonic crawler (Spider:4)
  2 orc high priests (Orc:2)
  A skeletal warrior (Volcano)
  A skyshark (Lair:5)
  An orb spider (Spider:4)
  A steelbarb worm (Spider:4)
  A sun moth (Spider:1)
  2 slime creatures
  An anaconda skeleton (Volcano)
  5 wolf spiders
  2 cyclopes
  An ugly thing (D:15)
  2 elephants (Lair:4)
  A moth of wrath (Spider:1)
  Joseph (D:8)
  A black mamba (Lair:1)
  2 gargoyles (Volcano)
  4 cane toads
  6 komodo dragons
  A freezing wraith (D:15)
  An unseen horror zombie (D:7)
  2 trolls
  A polar bear (Lair:5)
  5 tarantellas
  A hornet (Lair:2)
  A tyrant leech (Lair:5)
  2 dream sheep (Lair:4)
  13 blink frogs
  A centaur simulacrum (D:13)
  4 culicivoras
  2 water elementals (D:15)
  A shadow (D:10)
  A basilisk (Lair:4)
  3 wyverns
  7 yaks
  A warg (Orc:2)
  6 redbacks
  A vampire mosquito (D:10)
  Menkaure (D:7)
  An ice beast (Lair:5)
  A sky beast (D:6)
  4 water moccasins
  A black bear (Lair:1)
  5 orc warriors
  2 laughing skulls (D:15)
  2 boggarts (D:15)
  2 kobold brigands
  A weeping skull (Volcano)
  2 bullfrogs
  A wight (D:8)
  8 killer bees
  8 orc priests
  4 orc wizards (Orc:1)
  15 orcs
  8 kobolds
  An orc zombie (D:7)
163 creatures vanquished.

Vanquished Creatures (others)
  An electric eel (Lair:4)
  19 hexers
  4 ancestors
24 creatures vanquished.

Grand Total: 1059 creatures vanquished

Notes
Turn   | Place    | Note
-------+----------+-------------------------------------------
     0 | D:1      | Amplified the Minotaur Alchemist began the quest for the
                  | Orb.
     0 | D:1      | Reached XP level 1. HP: 14/14 MP: 1/1
   125 | D:1      | Reached skill level 1 in Fighting
   125 | D:1      | Reached skill level 1 in Armour
   143 | D:1      | Reached XP level 2. HP: 23/23 MP: 3/3
   426 | D:1      | Reached XP level 3. HP: 26/29 MP: 4/4
  1065 | D:2      | Reached skill level 1 in Axes
  1073 | D:2      | Noticed Robin
  1086 | D:2      | Reached XP level 4. HP: 37/37 MP: 5/5
  1103 | D:2      | Killed Robin
  1214 | D:2      | Found a faded altar of an unknown god.
  1300 | D:2      | Found a shadowy altar of Dithmenos.
  1635 | D:3      | Reached XP level 5. HP: 43/45 MP: 6/6
  2260 | D:4      | Noticed a lemure
  2260 | D:4      | Noticed a lemure
  2285 | D:4      | Killed a lemure
  2305 | D:4      | Killed a lemure
  2454 | D:4      | Reached XP level 6. HP: 52/53 MP: 7/7
  2621 | D:4      | Reached skill level 5 in Fighting
  2733 | D:4      | Found a sacrificial altar of Ru.
  2734 | D:4      | Found a snail-covered altar of Cheibriados.
  2902 | D:4      | Identified the +7 long sword of Vejurrisee {freeze, Will+
                  | Dex+3}
  3014 | D:4      | Noticed Pikel
  3046 | D:4      | Killed Pikel
  3047 | D:4      | Reached skill level 5 in Axes
  3047 | D:4      | Reached XP level 7. HP: 36/63 MP: 8/8
  3234 | D:4      | Noticed Ijyb
  3243 | D:4      | Killed Ijyb
  3340 | D:5      | Entered Level 5 of the Dungeon
  3372 | D:5      | Reached XP level 8. HP: 71/71 MP: 9/9
  3891 | D:5      | Found a hazy altar of Hepliaklqana.
  4211 | D:5      | Became a worshipper of Hepliaklqana the Forgotten
  4360 | D:6      | Reached skill level 1 in Invocations
  4570 | D:6      | Noticed Prince Ribbit
  4582 | D:6      | Killed Prince Ribbit
  4702 | D:6      | Reached XP level 9. HP: 69/81 MP: 10/10
  4804 | D:6      | Identified the ring "Miaweh" {Dex+5 SInv}
  4897 | D:6      | Reached * piety under Hepliaklqana
  5230 | D:7      | Found a sand-covered staircase.
  5242 | D:7      | Noticed a two-headed ogre
  5252 | D:7      | Killed a two-headed ogre
  5280 | Ossuary  | Entered an ossuary
  5280 | Ossuary  | Found a huge runed translucent gate.
  5280 | Ossuary  | Found a huge runed translucent gate.
  5280 | Ossuary  | Found a huge runed translucent gate.
  5280 | Ossuary  | Found a huge runed translucent gate.
  5280 | Ossuary  | Found a huge runed translucent gate.
  5280 | Ossuary  | Found a huge runed translucent gate.
  5280 | Ossuary  | Found a huge runed translucent gate.
  5280 | Ossuary  | Found a huge runed translucent gate.
  5323 | Ossuary  | Found a huge runed translucent gate.
  5323 | Ossuary  | Found a huge runed translucent gate.
  5323 | Ossuary  | Found a huge runed translucent gate.
  5324 | Ossuary  | Found a huge runed translucent gate.
  5324 | Ossuary  | Found a huge runed translucent gate.
  5326 | Ossuary  | Found a huge runed translucent gate.
  5326 | Ossuary  | Found a huge runed translucent gate.
  5335 | Ossuary  | Found a huge runed translucent gate.
  5335 | Ossuary  | Found a huge runed translucent gate.
  5335 | Ossuary  | Found a huge runed translucent gate.
  5335 | Ossuary  | Found a huge runed translucent gate.
  5335 | Ossuary  | Found a huge runed translucent gate.
  5337 | Ossuary  | Found a huge runed translucent gate.
  5337 | Ossuary  | Found a huge runed translucent gate.
  5339 | Ossuary  | Found a huge runed translucent gate.
  5339 | Ossuary  | Found a huge runed translucent gate.
  5340 | Ossuary  | Found a huge runed translucent gate.
  5340 | Ossuary  | Found a huge runed translucent gate.
  5341 | Ossuary  | Found a huge runed translucent gate.
  5341 | Ossuary  | Found a huge runed translucent gate.
  5342 | Ossuary  | Found a huge runed translucent gate.
  5342 | Ossuary  | Found a huge runed translucent gate.
  5344 | Ossuary  | Found a huge runed translucent gate.
  5344 | Ossuary  | Found a huge runed translucent gate.
  5344 | Ossuary  | Found a huge runed translucent gate.
  5344 | Ossuary  | Found a huge runed translucent gate.
  5344 | Ossuary  | Found a huge runed translucent gate.
  5524 | D:7      | Noticed Menkaure
  5532 | D:7      | Killed Menkaure
  5708 | D:7      | Reached skill level 5 in Invocations
  5708 | D:7      | Reached XP level 10. HP: 24/82 MP: 12/12
  5904 | D:7      | Reached skill level 10 in Fighting
  6436 | D:7      | Found a runed translucent gate.
  6451 | D:7      | Got Xoseow's Meditations on Unified Stones
  6471 | D:7      | Found a staircase to the Ecumenical Temple.
  6534 | D:7      | Found a runed translucent gate.
  6534 | D:7      | Found a runed translucent gate.
  6534 | D:7      | Noticed temujin's ghost (novice HuWn)
  6648 | D:8      | Paralysed by a hornet for 1 turns
  6780 | D:8      | Noticed an orange demon
  6789 | D:7      | Killed an orange demon
  6993 | D:8      | Reached skill level 10 in Axes
  7014 | D:8      | Noticed Joseph
  7022 | D:8      | Killed Joseph
  7131 | D:8      | Paralysed by a hornet for 3 turns
  7720 | D:8      | Noticed a two-headed ogre
  7726 | D:8      | Noticed Psyche
  7747 | D:8      | Killed Psyche
  7751 | D:8      | Killed a two-headed ogre
  7830 | D:8      | Found a staircase to the Lair.
  7831 | D:8      | Reached XP level 11. HP: 82/91 MP: 15/15
  7902 | D:8      | Noticed Amaemon
  7935 | D:8      | Killed Amaemon
  8477 | D:9      | Reached ** piety under Hepliaklqana
  8478 | D:9      | Remembered your ancestor Arsinoe as a hexer
  8521 | D:9      | Found an opulent altar of Gozag.
  8524 | D:9      | Found a glowing silver altar of Zin.
  8533 | D:9      | Found a shimmering altar of Xom.
  8533 | D:9      | Found a burning altar of Makhleb.
  8540 | D:9      | Found a hide-covered altar of Uskayaw.
  8625 | D:9      | Reached skill level 1 in Maces & Flails
  9287 | D:10     | Entered Level 10 of the Dungeon
  9289 | D:10     | Found a portal to a secret trove of treasure.
  9292 | D:10     | Noticed a two-headed ogre
  9301 | D:10     | Killed a two-headed ogre
  9342 | D:10     | Reached skill level 10 in Armour
  9904 | D:10     | Found a staircase to the Orcish Mines.
 10071 | D:10     | Reached *** piety under Hepliaklqana
 10959 | D:11     | Reached skill level 5 in Maces & Flails
 11579 | D:11     | Noticed Urug
 11596 | D:11     | Killed Urug
 11771 | D:12     | Noticed a deep elf pyromancer
 11823 | Orc:1    | Entered Level 1 of the Orcish Mines
 11823 | Orc:1    | Noticed an orc sorcerer
 12004 | Lair:1   | Entered Level 1 of the Lair of Beasts
 12183 | Lair:1   | Reached XP level 12. HP: 34/101 MP: 17/17
 12268 | Lair:1   | Reached **** piety under Hepliaklqana
 12426 | Lair:1   | Learned a level 2 spell: Mercury Vapours
 12448 | Lair:1   | Noticed Erica
 12456 | Lair:1   | Killed Erica
 12477 | Lair:1   | Got the Catalogue of a Billion Planets
 12573 | Lair:1   | Noticed Jeremiah
 12630 | Lair:2   | Noticed a boulder beetle
 12658 | Lair:2   | Found a staircase to the Swamp.
 12658 | Lair:2   | Noticed an eleionoma
 12826 | Lair:2   | Paralysed by a hornet for 3 turns
 12956 | Lair:1   | Noticed Gastronok
 13068 | Lair:2   | Paralysed by a hornet for 1 turns
 13105 | Lair:2   | Found a hole to the Spider Nest.
 13172 | Lair:2   | Killed a boulder beetle
 13173 | Lair:2   | Reached skill level 10 in Invocations
 13266 | Lair:2   | Killed an eleionoma
 13641 | Lair:3   | Reached skill level 10 in Maces & Flails
 13641 | Lair:3   | Reached XP level 13. HP: 70/111 MP: 15/19
 14035 | Lair:3   | Reached skill level 15 in Fighting
 14035 | Lair:3   | Reached XP level 14. HP: 110/121 MP: 19/21
 14446 | Lair:4   | You fall into a shaft and drop 1 floor!
 14446 | Lair:5   | Entered Level 5 of the Lair of Beasts
 14527 | Lair:4   | Identified the +0 chain mail "Ilimm" {+Blink rElec rN++
                  | Int+4}
 14817 | Lair:5   | Found a dark tunnel.
 14868 | Volcano  | Entered a volcano
 15573 | Lair:5   | Paralysed by a hornet for 1 turns
 15577 | Lair:5   | Paralysed by a hornet for 2 turns
 15970 | Lair:5   | Reached XP level 15. HP: 46/128 MP: 23/23
 16003 | Lair:5   | Identified the +9 orcbow "Fyuhutuf" {heavy, +Blink}
 16031 | Lair:4   | Noticed Kirke
 16079 | Lair:4   | Killed Kirke
 16149 | Lair:5   | Found a runed translucent door.
 16149 | Lair:5   | Found a shimmering altar of Xom.
 16149 | Lair:5   | Noticed Ivernyr's ghost (journeyman FoFi)
 16213 | Lair:5   | Reached skill level 15 in Axes
 16223 | Lair:5   | Found a staircase to the Slime Pits.
 17736 | Lair:1   | Killed Jeremiah
 17941 | Lair:1   | Killed Gastronok
 18227 | Orc:2    | Entered Level 2 of the Orcish Mines
 18915 | Orc:2    | Found Cuog's Weapon Boutique.
 19668 | Orc:2    | Paralysed by an orc sorcerer for 5 turns
 19951 | Orc:2    | Found a staircase to the Elven Halls.
 20684 | Orc:2    | Found Vilakec's Antique Weapon Shop.
 20720 | Orc:2    | Found Maoplupa's Jewellery Emporium.
 20755 | Orc:2    | Bought the ring of Levaxuff {rElec rF+ Str+6} for 741 gold
                  | pieces
 20937 | Orc:2    | Found Piluym's Antique Weapon Shop.
 21288 | Orc:1    | Noticed Josephine
 21562 | Orc:1    | Killed Josephine
 21830 | Orc:1    | Found a shimmering blue altar of Sif Muna.
 21852 | Orc:1    | Got Sif Muna's Tome of the Sphinx
 22090 | Lair:5   | Identified the ring "Uleguhod" {Will+ Int+4}
 22099 | Lair:5   | Killed Ivernyr's ghost
 22185 | Lair:5   | Identified the +6 sling "Dihounge" {speed, Dex+3}
 22907 | D:12     | Noticed Sonja
 22916 | D:12     | Killed Sonja
 23763 | D:13     | Reached XP level 16. HP: 136/136 MP: 24/24
 23924 | D:13     | Found Fonet's Jewellery Shop.
 24386 | D:13     | Reached skill level 5 in Dodging
 24987 | D:13     | Found a gate to the Vaults.
 25673 | D:15     | Entered Level 15 of the Dungeon
 25710 | D:15     | Noticed Roxanne
 26438 | D:15     | Reached skill level 15 in Armour
 26888 | D:15     | Found a staircase to the Depths.
 27101 | D:7      | Killed temujin's ghost
 27207 | Spider:1 | Entered Level 1 of the Spider Nest
 27207 | Spider:1 | Reached ***** piety under Hepliaklqana
 27473 | Orc:2    | Bought an amulet of reflection for 390 gold pieces
 27473 | Orc:2    | Bought a ring of poison resistance for 260 gold pieces
 29000 | Spider:2 | Reached XP level 17. HP: 134/146 MP: 26/26
 29078 | Spider:2 | Identified the +8 quarterstaff "Syups" {flame, rC++ rCorr
                  | Dex+3}
 31122 | Spider:4 | Entered Level 4 of the Spider Nest
 31142 | Spider:3 | Paralysed by a jorogumo for 3 turns
 31455 | Spider:4 | Learned a level 2 spell: Lesser Beckoning
 31754 | Spider:4 | Reached skill level 1 in Translocations
 32009 | Spider:4 | HP: 2/149 [spark wasp (17)]
 32009 | Spider:4 | Slain by a spark wasp

Illustrated notes

Levels and vault maps discovered:
D:1:      giann_wishing_wells, layout_basic
D:2:      layout_basic, basic_altar, hellmonk_ecumenical_altar_prayer_group,
          uniq_robin
D:3:      layout_rooms
D:4:      kennysheep_goblin_castle, layout_cave_pools,
          gammafunk_temple_overflow_statue, uniq_pikel
D:5:      layout_basic, nicolae_hepliaklqana_hippocampus,
          minmay_fractal_squares_gapless_5, uniq_ijyb
D:6:      layout_basic, serial_glass, glass_columns_a, glass_columns_a,
          uniq_prince_ribbit1
D:7:      layout_rooms, minmay_temple_entry_glassed_door,
          nicolae_ossuary_entry_giza, gammafunk_ghost_necromancy, uniq_menkaure
D:8:      layout_basic, erik_lair_island, uniq_psyche, uniq_amaemon, uniq_joseph
D:9:      layout_grid_maze, nicolae_overflow_hallway_of_the_gods
D:10:     layout_cross, david_orc_3, serial_bayou, serial_bayou_pond_b,
          serial_bayou_pond_a, serial_bayou_crossing, serial_bayou_pond_d,
          serial_bayou_lake_a, serial_bayou_pond_e, enter_trove_2
D:11:     lemuel_flame_loot_2, layout_loops_ring, glass_columns_b, uniq_urug
D:12:     layout_cave_pods, uniq_sonja
D:13:     layout_long_grid, david_vaults_5, serial_shops, shop
D:14:     layout_basic
D:15:     gammafunk_enter_depths_forms, layout_basic,
          hangedman_abyss_or_decor_jellyfish_corner, uniq_roxanne
Lair:1:   layout_regular_city, serial_bayou_lagoon_b, wad_woods_river_01,
          uniq_jeremiah, uniq_gastronok, uniq_erica
Lair:2:   layout_cave_shapes, alex1729_swamp_entry_worm_eleionoma,
          spider_nest_entry_funnel_web, special_room [special_room_bee],
          beast_lair_carwin_6
Lair:3:   layout_cave_pods, beast_lair_carwin_3
Lair:4:   layout_cave_shapes, nicolae_quartered_pool_little, minivault_24,
          infiniplex_staircase_pool_2, grunt_megastairs_3, serial_bayou_shore_a,
          uniq_kirke
Lair:5:   wormcave, layout_loops_ring, dpeg_slime_entry_enclosed,
          ebering_ghost_xom, lightli_volcano_entry_magma_tube, minivault_26,
          ice2_lemuel
Spider:1: layout_cave_pods, drop_trap, nicolae_spider_not_touching_you
Spider:2: nicolae_spider_hilbert_zone_4 [nicolae_spider_hilbert_4_sides_2_open,
          nicolae_spider_hilbert_4_sides_1_open,
          nicolae_spider_hilbert_4_sides_1_open,
          nicolae_spider_hilbert_4_sides_1_open,
          nicolae_spider_hilbert_4_sides_1_open,
          nicolae_spider_hilbert_2_sides_1_open,
          nicolae_spider_hilbert_2_sides_1_open,
          nicolae_spider_hilbert_2_sides_1_open,
          nicolae_spider_hilbert_2_sides_1_open,
          nicolae_spider_hilbert_6_sides_1_open,
          nicolae_spider_hilbert_6_sides_1_open,
          nicolae_spider_hilbert_3_sides_1_open,
          nicolae_spider_hilbert_3_sides_1_open], hellmonk_test_site
Spider:3: layout_spider_delve, drop_trap
Spider:4: grunt_spider_rune_parallel
Orc:1:    layout_caves, led_sif_book, uniq_josephine
Orc:2:    pubby_orc_utopia

Skill      XL: |  1  2  3  4  5  6  7  8  9 10 11 12 13 14 15 16 17 |
---------------+----------------------------------------------------+-----
Fighting       | 1 2 3 4 6 8 9 11 12 14 15 16 17 18 | 18.7
Armour         | 1 2 3 4 6 7 8 9 10 11 12 13 14 15 16 | 16.6
Axes           | 1 2 3 5 7 9 10 11 14 18 | 18.4
Invocations    | 2 5 7 8 10 11 12 13 14 | 14.7
Maces & Flails | 5 10 | 10.4
Dodging        | 4 8 9 |  9.6
Translocations | 1 |  1.7
Spellcasting   | 2 |  2.3
Stealth        | |  1.5
Conjurations   | |  0.6
Alchemy        | |  2.1

Action                     |  1- 3 |  4- 6 |  7- 9 | 10-12 | 13-15 | 16-18 || total
---------------------------+-------+-------+-------+-------+-------+-------++-------
  Melee: Unarmed           |    45 |       |       |    21 |       |       ||    66
         Headbutt          |    14 |    26 |    42 |   160 |   218 |   226 ||   686
         Punch             |     2 |     3 |     2 |     7 |     8 |    11 ||    33
         Short sword       |    32 |       |       |       |       |       ||    32
         War axe           |    20 |   177 |   184 |   112 |       |       ||   493
         Demon whip        |       |       |       |   505 |   130 |     3 ||   638
         Broad axe         |       |       |       |       |   715 |   686 ||  1401
  Throw: Dart              |       |       |       |    13 |    19 |       ||    32
         Throwing net      |       |       |       |     5 |     1 |       ||     6
   Cast: Sting             |     6 |    11 |       |       |       |       ||    17
 Invoke: Ancestor Life: He |       |       |       |     1 |       |       ||     1
         Idealise          |       |       |       |     7 |    10 |     5 ||    22
         Recall Ancestor   |       |       |       |     4 |     8 |       ||    12
         Transference      |       |       |       |       |     1 |       ||     1
  Evoke: Wand              |       |       |    13 |    51 |    18 |     4 ||    86
         Tin of tremorston |       |       |       |       |     5 |     2 ||     7
         Phantom mirror    |       |       |       |       |     2 |       ||     2
    Use: Scroll            |     6 |     2 |     7 |    10 |    14 |     9 ||    48
         Potion            |       |     1 |     1 |    22 |    21 |     6 ||    51
   Stab: Confused          |       |       |       |    15 |    21 |    15 ||    51
         Invisible         |       |       |       |    12 |    17 |       ||    29
         Paralysed         |       |       |       |     4 |    46 |    61 ||   111
         Distracted        |       |       |       |     3 |    11 |     5 ||    19
         Held in net/web   |       |       |       |     1 |     1 |       ||     2
         Petrified         |       |       |       |       |     1 |       ||     1
 Armour: Robe              |     5 |       |       |       |       |       ||     5
         Ring mail         |    65 |   140 |   138 |   516 |    85 |       ||   944
         Skin              |       |       |       |     5 |       |       ||     5
         Chain mail        |       |       |       |       |   555 |   596 ||  1151
  Dodge: Dodged            |    64 |   105 |    99 |   324 |   283 |   370 ||  1245
  Block: Other             |       |       |       |       |       |    91 ||    91
         Reflection        |       |       |       |       |       |     1 ||     1

Table legend: (Time is in decaauts)
 A = Elapsed time spent in this place.
 B = Non-inter-level travel time spent in this place.
 C = Inter-level travel time spent in this place.
 D = Time resting spent in this place.
 E = Time spent auto-exploring this place.
 F = Levels seen in this place.
 G = Mean time per level.
                   A        B        C        D        E       F      G
               +--------+--------+--------+--------+--------+-----+--------+
         Total |  31647 |  29241 |   2406 |   2710 |  18161 |  28 | 1130.2 |
       Dungeon |  16836 |  15338 |   1498 |   1744 |  10676 |  15 | 1122.4 |
          Lair |   5893 |   5348 |    545 |     33 |   1788 |   5 | 1178.6 |
   Spider Nest |   4335 |   4214 |    121 |    400 |   2926 |   4 | 1083.8 |
  Orcish Mines |   3821 |   3580 |    241 |    227 |   2637 |   2 | 1910.5 |
       Ossuary |    191 |    191 |      0 |      0 |    133 |   1 |  191.0 |
       Volcano |    569 |    569 |      0 |    306 |      0 |   1 |  569.0 |
               +--------+--------+--------+--------+--------+-----+--------+

Top non-repeatable levels by time:
   Orc:2: 3210 daAuts
     D:8: 1717 daAuts
  Lair:5: 1491 daAuts
     D:7: 1455 daAuts
    D:11: 1378 daAuts
Spider:3: 1336 daAuts
    D:13: 1325 daAuts
     D:4: 1288 daAuts
     D:9: 1281 daAuts
    D:15: 1250 daAuts
  Lair:1: 1235 daAuts
    D:10: 1232 daAuts
Spider:2: 1222 daAuts
Spider:1: 1184 daAuts
    D:12: 1126 daAuts
